 Dungeon Crawl Stone Soup version 0.29-a0-375-g5102b3be25 (webtiles) character file.

Game seed: 13085399588991048308

802 YayAnonymity the Cleaver (level 7, -4/59 HPs)
             Began as a Hill Orc Fighter on May 4, 2022.
             Killed from afar by Dowan (7 damage)
             ... with a puff of frost
             ... on level 5 of the Dungeon.
             The game lasted 00:06:25 (4738 turns).

YayAnonymity the Cleaver (Hill Orc Fighter)         Turns: 4738, Time: 00:06:27

Health: -4/59      AC:  9    Str: 21    XL:     7   Next: 91%
Magic:  7/7        EV:  9    Int:  8    God:
Gold:   202        SH:  4    Dex: 10    Spells: 6/6 levels left

rFire   . . .      SeeInvis .   a - +0 war axe
rCold   . . .      Faith    .   c - +0 buckler
rNeg    . . .      Spirit   .   b - +0 scale mail
rPois   .          Reflect  .   (no helmet)
rElec   .          Harm     .   l - +1 cloak
rCorr   .          Rampage  .   (no gloves)
Will    .....                   (no boots)
Stlth   ..........              (no amulet)
HPRegen 0.19/turn               f - +4 ring of slaying
MPRegen 0.10/turn               (no ring)

@: no status effects
A: no striking features
a: no special abilities


You were on level 5 of the Dungeon.
You visited 1 branch of the dungeon, and saw 5 of its levels.

You collected 202 gold pieces.

Inventory:

Hand Weapons
 a - a +0 war axe (weapon)
Missiles
 e - 14 poisoned darts (quivered)
Armour
 b - a +0 scale mail (worn)
 c - a +0 buckler (worn)
 l - a +1 cloak (worn)
Jewellery
 f - a +4 ring of slaying (left hand)
Wands
 i - a wand of digging (1)
Scrolls
 j - a scroll of teleportation
Potions
 d - a potion of might
 m - a potion of brilliance {unknown}
 n - a potion of mutation {unknown}
 o - 2 potions of resistance {unknown}
 p - a potion of curing {unknown}
 r - a potion of berserk rage {unknown}


   Skills:
 - Level 4.0 Fighting
 * Level 11.0 Axes
 - Level 4.0 Armour
 - Level 3.2 Shields


You had 6 spell levels left.
You didn't know any spells.
Your spell library contained the following spells:

 Spells                   Type           Power      Damage    Failure   Level
 Foxfire                  Conj/Fire      0%         2x1d4     83%         1
 Freeze                   Ice            0%         1d3       83%         1
 Magic Dart               Conj           0%         1d3       83%         1
 Call Imp                 Summ           0%         N/A       93%         2
 Frozen Ramparts          Ice            0%         1d2       99%         3
 Gell's Gravitas          Tloc           0%         N/A       99%         3
 Mephitic Cloud           Conj/Pois/Air  0%         N/A       99%         3
 Teleport Other           Tloc           0%         N/A       99%         3
 Hailstorm                Conj/Ice       0%         3d3       100%        4
 Dispersal                Tloc           0%         N/A       100%        6


Dungeon Overview and Level Annotations

Branches:
Dungeon (5/15)
 Temple: D:4-7

Altars:
Kikubaaqudgha
Nemelex Xobeh
Okawaru
Ru
Sif Muna
Yredelemnul

Annotations:
D:5 Dowan, Duvessa


Message History

Duvessa is heavily wounded.
You closely miss Dowan. You closely miss Duvessa.
Duvessa hits you but does no damage.
Dowan hits you with a +1 dagger of protection.
You closely miss Dowan. You completely miss Duvessa.
Duvessa hits you with a +4 short sword of flaming!
Duvessa burns you. Dowan misses you.
You barely miss Dowan. You slash Duvessa!
Duvessa hits you with a +4 short sword of flaming!
Duvessa burns you!
* * * LOW HITPOINT WARNING * * *
Dowan gestures at you while chanting. You resist with some effort.
You hit Dowan.
Dowan is lightly wounded.
You hit Duvessa. Duvessa barely misses you. You block Dowan's attack.
You hit Dowan.
Dowan is moderately wounded.
You closely miss Duvessa.
Duvessa gestures with her weapon.
You block Duvessa's attack. Dowan hits you but does no damage.
You miss Dowan.
Dowan is moderately wounded.
You slash Duvessa!
Duvessa hits you with a +4 short sword of flaming!
* * * LOW HITPOINT WARNING * * *
Duvessa burns you.
* * * LOW HITPOINT WARNING * * *
Dowan hits you with a +1 dagger of protection.
* * * LOW HITPOINT WARNING * * *
You miss Dowan.
Dowan is moderately wounded.
You closely miss Duvessa. Duvessa hits you but does no damage.
You block Dowan's attack.
You barely miss Dowan.
Dowan is moderately wounded.
You closely miss Duvessa. Duvessa hits you but does no damage.
Dowan gestures at you while chanting. The puff of frost hits you!
You die...

# ...# #.#.# .##
#<######.#.#
#### ### ...
#.......!..#
.... ..#
#.###.######.###
..# #.# #.....#
#(# #.# #.#
###.### #.# .#
#.# ##.#.## #.#
#. #.# #.###.#
#.# . #.#
##.#@e# #.# #
#)# ##.#e# #.#
######.# ###.#
.......# .#
######## .# # .#
# ###### .# #
^.P.^# ##
########..P.P#


You could see Duvessa and Dowan.

Vanquished Creatures
  Sigmund (D:5)
  Blork the orc (D:5)
  2 scorpions
  2 orc priests
  A hound (D:4)
  2 jellies (D:5)
  2 iguanas
  3 orc wizards (D:3)
  6 adders
  4 gnolls
  4 worms
  9 orcs
  6 endoplasms
  2 giant cockroaches
  5 goblins
  8 hobgoblins
  6 jackals (D:1)
  2 quokkas
  7 ball pythons
  4 bats
  4 frilled lizards
  9 kobolds
  4 rats
94 creatures vanquished.

Vanquished Creatures (others)
  A fungus (D:5)
  2 plants (D:5)
3 creatures vanquished.

Grand Total: 97 creatures vanquished

Notes
Turn   | Place    | Note
-------+----------+-------------------------------------------
     0 | D:1      | YayAnonymity the Hill Orc Fighter began the quest for the
                  | Orb.
     0 | D:1      | Reached XP level 1. HP: 19/19 MP: 1/1
    31 | D:1      | HP: 1/20 [gnoll/+0 club (6)]
    34 | D:1      | Reached skill level 3 in Axes
    34 | D:1      | Reached XP level 2. HP: 2/27 MP: 2/2
   567 | D:1      | Reached XP level 3. HP: 33/33 MP: 3/3
   660 | D:1      | Reached skill level 4 in Axes
  1658 | D:2      | Found a faded altar of an unknown god.
  1785 | D:2      | Reached XP level 4. HP: 6/40 MP: 4/4
  2057 | D:3      | Reached skill level 5 in Axes
  2465 | D:3      | Reached XP level 5. HP: 30/46 MP: 5/5
  2474 | D:3      | Reached skill level 6 in Axes
  2940 | D:3      | Found a sparkling altar of Nemelex Xobeh.
  2963 | D:3      | Found a basalt altar of Yredelemnul.
  3126 | D:3      | Found a shimmering blue altar of Sif Muna.
  3165 | D:3      | Reached skill level 7 in Axes
  3183 | D:3      | Reached XP level 6. HP: 30/39 MP: 6/6
  3248 | D:3      | Got Sif Muna's Incunabulum of Ignition
  3737 | D:4      | Reached skill level 8 in Axes
  3777 | D:4      | Found an iron altar of Okawaru.
  4134 | D:4      | Reached skill level 9 in Axes
  4315 | D:5      | Entered Level 5 of the Dungeon
  4342 | D:5      | Noticed Sigmund
  4347 | D:5      | Killed Sigmund
  4348 | D:5      | Reached XP level 7. HP: 55/59 MP: 7/7
  4382 | D:5      | Found a sacrificial altar of Ru.
  4410 | D:5      | Reached skill level 10 in Axes
  4543 | D:5      | Found an ancient bone altar of Kikubaaqudgha.
  4543 | D:5      | Noticed Blork the orc
  4554 | D:5      | Killed Blork the orc
  4555 | D:5      | Reached skill level 11 in Axes
  4725 | D:5      | Noticed Duvessa
  4725 | D:5      | Noticed Dowan
  4738 | D:5      | Killed from afar by Dowan

Illustrated notes

Levels and vault maps discovered:
D:1:      lightli_arrival_noodles, layout_basic
D:2:      layout_loops_ring, hellmonk_ecumenical_altar_inner_sanctum,
          dreamdust_princess_bridge, item_on_display_a
D:3:      layout_loops_cross, nemelex_spade_bored_becter, led_sif_book,
          overflow_temple_1_default, nrook_mini_vaults, minmay_statues_item,
          serial_park_tiny_2, st_stairs_14
D:4:      layout_basic, okawaru_gym_becter
D:5:      layout_loops_ring, old_standard_altar,
          nicolae_ru_the_path_less_chosen, cheibrodos_sewer_entry_bend,
          uniq_blork_the_orc, uniq_sigmund, uniq_duvessa

Skill      XL: |  1  2  3  4  5  6  7 |
---------------+----------------------+-----
Axes           | 3 4 5 7 9 11 | 11.0
Fighting       | 4 |  4.0
Armour         | 4 |  4.0
Shields        | |  3.2

Action                   |  1- 3 |  4- 6 |  7- 9 || total
-------------------------+-------+-------+-------++-------
Melee: War axe           |   102 |   161 |    40 ||   303
Evoke: Wand              |       |     2 |       ||     2
  Use: Potion            |       |     1 |       ||     1
       Scroll            |       |     6 |     1 ||     7
Armor: Scale mail        |    44 |    80 |    10 ||   134
Dodge: Dodged            |    45 |    70 |    10 ||   125
Block: Buckler           |    18 |    30 |     7 ||    55

Table legend: (Time is in decaauts)
 A = Elapsed time spent in this place.
 B = Non-inter-level travel time spent in this place.
 C = Inter-level travel time spent in this place.
 D = Time resting spent in this place.
 E = Time spent auto-exploring this place.
 F = Levels seen in this place.
 G = Mean time per level.
                   A        B        C        D        E       F      G
               +--------+--------+--------+--------+--------+-----+--------+
         Total |   4809 |   4700 |    109 |    801 |   2928 |   5 |  961.8 |
       Dungeon |   4809 |   4700 |    109 |    801 |   2928 |   5 |  961.8 |
               +--------+--------+--------+--------+--------+-----+--------+

Top non-repeatable levels by time:
     D:2: 1359 daAuts
     D:3: 1271 daAuts
     D:1: 943 daAuts
     D:4: 811 daAuts
     D:5: 423 daAuts
